Map: Catalyst LE

Players

Infamous

  • Race: Protoss Protoss
  • League: Silver
  • Spawn Location: 11:00

pBon - Winner!

  • Race: Zerg Zerg
  • League: Platinum
  • Spawn Location: 5:00

VOD

Have the link to the VOD?

Description

Time

  • Played on: March 21, 2018, 3:33 p.m.
  • Length: 12:51
Show
View Real Time Build Order
Export as new Build Order

Infamous Protoss 

Build Orders:  

Get SALT Encoding   

  12  0:01  Probe  
  13  0:13  Probe  
  14  0:24  Pylon  
  14  0:25  Probe  
  15  0:42  Probe (Chrono Boost)  
  16  0:45  Gateway  
  16  0:54  Probe (Chrono Boost)  
  17  0:58  Assimilator  
  17  1:04  Probe (Chrono Boost)  
  18  1:18  Pylon  
  18  1:23  Probe  
  19  1:36  Cybernetics Core  
  19  1:41  Probe (Chrono Boost)  
  20  1:53  Probe (Chrono Boost)  
  21  2:02  Probe (Chrono Boost)  
  21  2:05  Nexus  
  22  2:10  Warp Gate (Chrono Boost)  
  22  2:11  Gateway  
  22  2:12  Probe  
  23  2:19  Assimilator  
  23  2:27  Zealot  
  25  2:40  Forge  
  25  2:43  Probe  
  25  3:00  Stalker (Chrono Boost)  
  25  3:03  Probe  
  30  3:05  Sentry (Chrono Boost)  
  30  3:11  Pylon  
  30  3:18  Probe  
  30  3:19  Probe, Photon Cannon  
  32  3:29  Protoss Ground Weapons Level 1 (Chrono Boost)  
  32  3:33  Probe x2  
  34  3:45  Shield Battery  
  34  3:46  Probe  
  35  3:50  Pylon  
  35  3:54  Robotics Facility  
  35  4:01  Shield Battery  
  36  4:11  Probe (Chrono Boost)  
  36  4:12  Probe (Chrono Boost)  
  36  4:13  Pylon  
  37  4:27  Gateway  
  37  4:30  Gateway  
  37  4:31  Stalker  
  39  4:42  Observer (Chrono Boost)  
  40  4:48  Probe x2  
  40  4:51  Assimilator  
  42  4:55  Assimilator  
  42  5:01  Stalker x2  
  50  5:07  Immortal  
  50  5:16  Robotics Bay  
  50  5:28  Probe (Chrono Boost)  
  51  5:30  Gateway  
  51  5:31  Gateway  
  51  5:35  Photon Cannon  
  51  5:38  Stalker  
  51  5:40  Sentry  
  55  5:52  Stalker  
  55  5:53  Stalker  
  59  6:04  Photon Cannon  
  59  6:05  Shield Battery  
  59  6:10  Probe (Chrono Boost)  
  61  6:18  Probe (Chrono Boost)  
  61  6:22  Probe (Chrono Boost)  
  61  6:25  Stalker  
  64  6:26  Zealot  
  64  6:27  Zealot  
  68  6:36  Sentry  
  70  6:51  Extended Thermal Lance  
  70  6:54  Pylon  
  70  7:03  Pylon  
  70  7:07  Zealot  
  70  7:10  Disruptor  
  73  7:20  Gateway  
  61  7:31  Zealot x4  
  61  7:32  Zealot, Protoss Ground Armor Level 1  
  49  7:53  Zealot  
  49  7:54  Zealot x3  
  42  8:14  Disruptor  
  42  8:17  Stalker x2  
  42  8:18  Stalker x2  
  45  8:41  Pylon  
  43  8:49  Stalker x3  
  47  9:07  Gateway  
  48  9:10  Probe x2 (Chrono Boost)  
  49  9:18  Zealot x3  
  49  9:19  Colossus (Chrono Boost), Zealot  
  49  9:20  Probe (Chrono Boost)  
  64  9:35  Sentry  
  66  9:40  Pylon  
  66  9:41  Protoss Shields Level 1 (Chrono Boost)  
  66  9:48  Probe (Chrono Boost)  
  68  9:54  Probe (Chrono Boost)  
  59  10:08  Zealot x2  
  59  10:09  Zealot x2  
  59  10:10  Zealot  
  65  10:23  Probe (Chrono Boost)  
  65  10:27  Colossus (Chrono Boost)  
  73  10:30  Probe (Chrono Boost)  
  73  10:33  Probe (Chrono Boost)  
  73  10:34  Zealot  
  76  10:37  Probe (Chrono Boost)  
  66  10:59  Stalker x2  
  66  11:00  Stalker x2  
  68  11:09  Zealot x2  
  70  11:18  Probe x2  
  72  11:27  Pylon  
  72  11:32  Stalker x2  
  68  11:33  Stalker  
  68  11:34  Zealot x2  
  76  11:45  Gateway  
  76  11:52  Probe x2  
  76  11:53  Twilight Council  
  78  11:59  Sentry x2  
  78  12:00  Sentry x2  
  86  12:04  Probe  
  87  12:16  Probe  
  87  12:18  Zealot  
  86  12:31  Zealot x2  
  86  12:32  Zealot  
Show
View Real Time Build Order
Export as new Build Order

pBon Zerg - Winner!

Build Orders: Hatch First 

Get SALT Encoding   

  12  0:01  Drone  
  13  0:15  Overlord  
  13  0:26  Drone  
  14  0:33  Drone x2  
  16  0:40  Drone  
  17  0:59  Hatchery  
  17  1:02  Drone x2  
  19  1:11  Drone  
  19  1:20  Spawning Pool  
  19  1:23  Overlord  
  18  1:34  Extractor  
  17  1:42  Drone  
  17  1:43  Drone  
  19  1:58  Evolution Chamber  
  19  2:00  Extractor  
  17  2:02  Drone  
  17  2:07  Drone  
  19  2:08  Queen  
  19  2:11  Queen  
  19  2:13  Drone  
  24  2:17  Drone  
  25  2:26  Roach Warren  
  25  2:28  Drone  
  25  2:34  Drone  
  26  2:38  Overlord  
  26  2:43  Drone  
  27  3:02  Drone x4  
  31  3:09  Drone x2  
  33  3:15  Lair  
  33  3:20  Zerg Missile Weapons Level 1  
  33  3:37  Overlord  
  33  3:50  Roach  
  33  3:51  Overlord x2  
  33  3:52  Evolution Chamber, Overlord x2  
  34  3:58  Drone x2  
  36  4:10  Roach  
  36  4:11  Roach x3  
  36  4:16  Glial Reconstitution  
  44  4:24  Zerg Ground Armor Level 1  
  44  4:34  Roach x3  
  50  4:42  Drone x4  
  54  4:51  Roach x3  
  60  5:03  Roach x4  
  68  5:07  Extractor  
  68  5:10  Extractor  
  68  5:12  Roach x2  
  70  5:21  Roach x3  
  76  5:33  Overlord x3  
  76  5:54  Roach x6  
  88  6:09  Spore Crawler  
  87  6:13  Spore Crawler  
  86  6:26  Roach x2  
  86  6:27  Roach x4  
  98  6:39  Ravager x2  
  100  6:42  Overlord x3  
  92  7:34  Roach  
  92  7:35  Roach x2  
  78  7:54  Roach x5  
  81  8:24  Roach  
  81  8:25  Roach x4  
  86  8:40  Roach x3  
  86  8:52  Roach  
  86  8:53  Roach  
  88  9:06  Roach x2  
  92  9:21  Metabolic Boost  
  92  9:24  Zerg Ground Armor Level 2, Zerg Missile Weapons Level 2  
  92  9:27  Roach x4  
  92  9:31  Ravager x4  
  103  9:34  Roach x2  
  108  9:42  Roach x3  
  93  10:21  Roach x6  
  96  10:22  Roach x6  
  98  11:08  Roach  
  98  11:13  Roach x5  
  98  11:14  Roach x3  
  108  11:43  Roach  
  108  11:44  Roach x3  
  116  11:53  Spire  
  115  12:03  Ravager  
  115  12:04  Ravager x5  
Tags
 
Add a new tag
Caveats
  • Supply blocks, unpowered buildings, or Contaminate may cause inaccurate times.
  • Supply counts are checked every 10 seconds.